Workbook

Sheet Budget
A1: Film budget template
A3: Version: Film budget template | B3: Date: 17 September 2026
A5: BUDGET SUMMARY
A6: Budget Total | B6: =G387 -> 0
A7: Contingency | B7: =G388 -> 0
A8: Total incl. additional costs | B8: =G389 -> 0
A11: Type | B11: Description | C11: Remarks | D11: Qty | E11: Unit | F11: Price/Unit | G11: Budget Total
A12: 1100 - Development, Story, Rights, Continuity
A13: 1102 | B13: Development | D13: 0 | F13: 0 | G13: =ROUND(D13*F13,2) -> 0
A14: 1104 | B14: Script & Development | D14: 0 | F14: 0 | G14: =ROUND(D14*F14,2) -> 0
A15: 1109 | B15: Script Coord | D15: 0 | F15: 0 | G15: =ROUND(D15*F15,2) -> 0
A16: 1111 | B16: Research | D16: 0 | F16: 0 | G16: =ROUND(D16*F16,2) -> 0
A17: 1114 | B17: Script Copies | D17: 0 | F17: 0 | G17: =ROUND(D17*F17,2) -> 0
A18: 1177 | B18: Writers Meals, Per Diems | D18: 0 | F18: 0 | G18: =ROUND(D18*F18,2) -> 0
A19: 1180 | B19: Writers Airfare | D19: 0 | F19: 0 | G19: =ROUND(D19*F19,2) -> 0
A20: 1185 | B20: Writers Hotel | D20: 0 | F20: 0 | G20: =ROUND(D20*F20,2) -> 0
A21: 1186 | B21: Writers Transport | D21: 0 | F21: 0 | G21: =ROUND(D21*F21,2) -> 0
A22: 1200 - Producers
A23: 1201 | B23: Producers | D23: 0 | F23: 0 | G23: =ROUND(D23*F23,2) -> 0
A24: 1202 | B24: Executive Producer | D24: 0 | F24: 0 | G24: =ROUND(D24*F24,2) -> 0
A25: 1205 | B25: Co-Producer | D25: 0 | F25: 0 | G25: =ROUND(D25*F25,2) -> 0
A26: 1206 | B26: Line Producer | D26: 0 | F26: 0 | G26: =ROUND(D26*F26,2) -> 0
A27: 1208 | B27: Associate Producer | D27: 0 | F27: 0 | G27: =ROUND(D27*F27,2) -> 0
A28: 1212 | B28: Producers Asst | D28: 0 | F28: 0 | G28: =ROUND(D28*F28,2) -> 0
A29: 1213 | B29: Entertainment | D29: 0 | F29: 0 | G29: =ROUND(D29*F29,2) -> 0
A30: 1214 | B30: Box Rentals | D30: 0 | F30: 0 | G30: =ROUND(D30*F30,2) -> 0
A31: 1235 | B31: Materials & Supplies | D31: 0 | F31: 0 | G31: =ROUND(D31*F31,2) -> 0
A32: 1300 - Direction
A33: 1301 | B33: Director | D33: 0 | F33: 0 | G33: =ROUND(D33*F33,2) -> 0
A34: 1302 | B34: Director's Assistant | D34: 0 | F34: 0 | G34: =ROUND(D34*F34,2) -> 0
A35: 1303 | B35: Technical Advisor | D35: 0 | F35: 0 | G35: =ROUND(D35*F35,2) -> 0
A36: 1304 | B36: Dialogue Coach | D36: 0 | F36: 0 | G36: =ROUND(D36*F36,2) -> 0
A37: 1305 | B37: 2nd Unit Director | D37: 0 | F37: 0 | G37: =ROUND(D37*F37,2) -> 0
A38: 1306 | B38: Purchases & Rentals | D38: 0 | F38: 0 | G38: =ROUND(D38*F38,2) -> 0
A39: 1307 | B39: Entertainment | D39: 0 | F39: 0 | G39: =ROUND(D39*F39,2) -> 0
A40: 1400 - Cast
A41: 1401 | B41: Stars & Leads | D41: 0 | F41: 0 | G41: =ROUND(D41*F41,2) -> 0
A42: 1402 | B42: Support Cast | D42: 0 | F42: 0 | G42: =ROUND(D42*F42,2) -> 0
A43: 1403 | B43: Day Players | D43: 0 | F43: 0 | G43: =ROUND(D43*F43,2) -> 0
A44: 1404 | B44: Cast Perks | D44: 0 | F44: 0 | G44: =ROUND(D44*F44,2) -> 0
A45: 1405 | B45: Musicians | D45: 0 | F45: 0 | G45: =ROUND(D45*F45,2) -> 0
A46: 1411 | B46: Overtime | D46: 0 | F46: 0 | G46: =ROUND(D46*F46,2) -> 0
A47: 1417 | B47: Looping | D47: 0 | F47: 0 | G47: =ROUND(D47*F47,2) -> 0
A48: 1420 | B48: Stunt Coordinator | D48: 0 | F48: 0 | G48: =ROUND(D48*F48,2) -> 0
A49: 1421 | B49: Stunt Players | D49: 0 | F49: 0 | G49: =ROUND(D49*F49,2) -> 0
A50: 1422 | B50: Stunt Adjustments | D50: 0 | F50: 0 | G50: =ROUND(D50*F50,2) -> 0
A51: 1423 | B51: Stunt Purchases/Rentals | D51: 0 | F51: 0 | G51: =ROUND(D51*F51,2) -> 0
A52: 1430 | B52: Casting Director | D52: 0 | F52: 0 | G52: =ROUND(D52*F52,2) -> 0
... A57: 1460 | B57: Welfare Worker/Teacher | D57: 0 | F57: 0 | G57: =ROUND(D57*F57,2) -> 0
A58: 1500 - ATL Travel & Living
A59: 1520 | B59: Producer's Airfare | D59: 0 | F59: 0 | G59: =ROUND(D59*F59,2) -> 0
A60: 1521 | B60: Producer's Hotel | D60: 0 | F60: 0 | G60: =ROUND(D60*F60,2) -> 0
A61: 1522 | B61: Producer's Per Diem | D61: 0 | F61: 0 | G61: =ROUND(D61*F61,2) -> 0
A62: 1523 | B62: Producer Transport | D62: 0 | F62: 0 | G62: =ROUND(D62*F62,2) -> 0
A63: 1530 | B63: Director's Airfare | D63: 0 | F63: 0 | G63: =ROUND(D63*F63,2) -> 0
A64: 1531 | B64: Director's Hotel | D64: 0 | F64: 0 | G64: =ROUND(D64*F64,2) -> 0
A65: 1532 | B65: Director's Per Diem | D65: 0 | F65: 0 | G65: =ROUND(D65*F65,2) -> 0
A66: 1533 | B66: Director's Transport | D66: 0 | F66: 0 | G66: =ROUND(D66*F66,2) -> 0
A67: 1540 | B67: Cast Airfare | D67: 0 | F67: 0 | G67: =ROUND(D67*F67,2) -> 0
A68: 1541 | B68: Cast Hotel | D68: 0 | F68: 0 | G68: =ROUND(D68*F68,2) -> 0
A69: 1542 | B69: Cast Per Diem | D69: 0 | F69: 0 | G69: =ROUND(D69*F69,2) -> 0
A70: 1543 | B70: Cast Transport | D70: 0 | F70: 0 | G70: =ROUND(D70*F70,2) -> 0
... A73: 1592 | B73: Stunt Per Diem | D73: 0 | F73: 0 | G73: =ROUND(D73*F73,2) -> 0
A74: 2000 - Production Staff
A75: 2001 | B75: Production Manager | D75: 0 | F75: 0 | G75: =ROUND(D75*F75,2) -> 0
A76: 2002 | B76: First Assistant Director | D76: 0 | F76: 0 | G76: =ROUND(D76*F76,2) -> 0
A77: 2003 | B77: Second Assistant Director | D77: 0 | F77: 0 | G77: =ROUND(D77*F77,2) -> 0
A78: 2004 | B78: Third Assistant Director | D78: 0 | F78: 0 | G78: =ROUND(D78*F78,2) -> 0
A79: 2005 | B79: Script Supervisor | D79: 0 | F79: 0 | G79: =ROUND(D79*F79,2) -> 0
A80: 2007 | B80: Location Manager | D80: 0 | F80: 0 | G80: =ROUND(D80*F80,2) -> 0
A81: 2008 | B81: Unit & Asst Location Manager | D81: 0 | F81: 0 | G81: =ROUND(D81*F81,2) -> 0
A82: 2009 | B82: Production Coordinator | D82: 0 | F82: 0 | G82: =ROUND(D82*F82,2) -> 0
A83: 2010 | B83: Assistant Production Coordinator | D83: 0 | F83: 0 | G83: =ROUND(D83*F83,2) -> 0
A84: 2011 | B84: Production Office Assistants | D84: 0 | F84: 0 | G84: =ROUND(D84*F84,2) -> 0
A85: 2012 | B85: Set Pas | D85: 0 | F85: 0 | G85: =ROUND(D85*F85,2) -> 0
A86: 2013 | B86: Production Accountant | D86: 0 | F86: 0 | G86: =ROUND(D86*F86,2) -> 0
... A90: 2020 | B90: Miscellaneous | D90: 0 | F90: 0 | G90: =ROUND(D90*F90,2) -> 0
A91: 2100 - Extra Talent
A92: 2101 | B92: Stand-Ins | D92: 0 | F92: 0 | G92: =ROUND(D92*F92,2) -> 0
A93: 2103 | B93: Extras | D93: 0 | F93: 0 | G93: =ROUND(D93*F93,2) -> 0
A94: 2110 | B94: Extras Casting Coordinator | D94: 0 | F94: 0 | G94: =ROUND(D94*F94,2) -> 0
A95: 2115 | B95: Chaperones | D95: 0 | F95: 0 | G95: =ROUND(D95*F95,2) -> 0
A96: 2120 | B96: Extras Travel & Living | D96: 0 | F96: 0 | G96: =ROUND(D96*F96,2) -> 0
A97: 2125 | B97: Other | D97: 0 | F97: 0 | G97: =ROUND(D97*F97,2) -> 0
A98: 2130 | B98: Box Rental | D98: 0 | F98: 0 | G98: =ROUND(D98*F98,2) -> 0
A99: 2200 - Art Department
A100: 2201 | B100: Production Designer | D100: 0 | F100: 0 | G100: =ROUND(D100*F100,2) -> 0
A101: 2202 | B101: Art Directors | D101: 0 | F101: 0 | G101: =ROUND(D101*F101,2) -> 0
A102: 2203 | B102: Art Department Coordinator | D102: 0 | F102: 0 | G102: =ROUND(D102*F102,2) -> 0
A103: 2204 | B103: Draughtspersons | D103: 0 | F103: 0 | G103: =ROUND(D103*F103,2) -> 0
A104: 2205 | B104: Clearance Coordinator | D104: 0 | F104: 0 | G104: =ROUND(D104*F104,2) -> 0
A105: 2211 | B105: Graphics Designer | D105: 0 | F105: 0 | G105: =ROUND(D105*F105,2) -> 0
A106: 2212 | B106: Story Board Artist | D106: 0 | F106: 0 | G106: =ROUND(D106*F106,2) -> 0
A107: 2213 | B107: Concept Artist | D107: 0 | F107: 0 | G107: =ROUND(D107*F107,2) -> 0
A108: 2214 | B108: Art Department Offices | D108: 0 | F108: 0 | G108: =ROUND(D108*F108,2) -> 0
A109: 2216 | B109: Purchases & Research Materials | D109: 0 | F109: 0 | G109: =ROUND(D109*F109,2) -> 0
A110: 2217 | B110: Box Rentals | D110: 0 | F110: 0 | G110: =ROUND(D110*F110,2) -> 0
A111: 2285 | B111: Other Costs | D111: 0 | F111: 0 | G111: =ROUND(D111*F111,2) -> 0
A112: 2300 - Construction
A113: 2301 | B113: Construction Manager | D113: 0 | F113: 0 | G113: =ROUND(D113*F113,2) -> 0
...

Sheet Summary by Category
A1: Category Summary
A2: Generated: 17 September 2026
A4: Category | B4: # Items | C4: Budget Total | D4: % of Budget
A5: 1100 - Development, Story, Rights, Continuity | B5: 9 | C5: =SUM(Budget!G13:G21) -> 0 | D5: =IF($C$45=0,0,C5/$C$45) -> 0
A6: 1200 - Producers | B6: 9 | C6: =SUM(Budget!G23:G31) -> 0 | D6: =IF($C$45=0,0,C6/$C$45) -> 0
A7: 1300 - Direction | B7: 7 | C7: =SUM(Budget!G33:G39) -> 0 | D7: =IF($C$45=0,0,C7/$C$45) -> 0
A8: 1400 - Cast | B8: 17 | C8: =SUM(Budget!G41:G57) -> 0 | D8: =IF($C$45=0,0,C8/$C$45) -> 0
A9: 1500 - ATL Travel & Living | B9: 15 | C9: =SUM(Budget!G59:G73) -> 0 | D9: =IF($C$45=0,0,C9/$C$45) -> 0
A10: 2000 - Production Staff | B10: 16 | C10: =SUM(Budget!G75:G90) -> 0 | D10: =IF($C$45=0,0,C10/$C$45) -> 0
A11: 2100 - Extra Talent | B11: 7 | C11: =SUM(Budget!G92:G98) -> 0 | D11: =IF($C$45=0,0,C11/$C$45) -> 0
A12: 2200 - Art Department | B12: 12 | C12: =SUM(Budget!G100:G111) -> 0 | D12: =IF($C$45=0,0,C12/$C$45) -> 0
A13: 2300 - Construction | B13: 23 | C13: =SUM(Budget!G113:G135) -> 0 | D13: =IF($C$45=0,0,C13/$C$45) -> 0
A14: 2400 - Set Dressing | B14: 11 | C14: =SUM(Budget!G137:G147) -> 0 | D14: =IF($C$45=0,0,C14/$C$45) -> 0
A15: 2500 - Property | B15: 9 | C15: =SUM(Budget!G149:G157) -> 0 | D15: =IF($C$45=0,0,C15/$C$45) -> 0
A16: 2600 - Picture Vehicles & Animals | B16: 10 | C16: =SUM(Budget!G159:G168) -> 0 | D16: =IF($C$45=0,0,C16/$C$45) -> 0
A17: 2700 - Special Effects | B17: 8 | C17: =SUM(Budget!G170:G177) -> 0 | D17: =IF($C$45=0,0,C17/$C$45) -> 0
A18: 2800 - Tests | B18: 1 | C18: =SUM(Budget!G179:G179) -> 0 | D18: =IF($C$45=0,0,C18/$C$45) -> 0
A19: 2900 - Stages, Offices & Workshops | B19: 4 | C19: =SUM(Budget!G181:G184) -> 0 | D19: =IF($C$45=0,0,C19/$C$45) -> 0
A20: 3000 - Camera | B20: 15 | C20: =SUM(Budget!G186:G200) -> 0 | D20: =IF($C$45=0,0,C20/$C$45) -> 0
A21: 3100 - Grips & Set Operations | B21: 17 | C21: =SUM(Budget!G202:G218) -> 0 | D21: =IF($C$45=0,0,C21/$C$45) -> 0
A22: 3200 - Electrical | B22: 9 | C22: =SUM(Budget!G220:G228) -> 0 | D22: =IF($C$45=0,0,C22/$C$45) -> 0
A23: 3300 - Wardrobe | B23: 12 | C23: =SUM(Budget!G230:G241) -> 0 | D23: =IF($C$45=0,0,C23/$C$45) -> 0
A24: 3400 - Make-Up & Hairdressing | B24: 7 | C24: =SUM(Budget!G243:G249) -> 0 | D24: =IF($C$45=0,0,C24/$C$45) -> 0
A25: 3500 - Sound & Video | B25: 9 | C25: =SUM(Budget!G251:G259) -> 0 | D25: =IF($C$45=0,0,C25/$C$45) -> 0
A26: 3600 - Transportation | B26: 13 | C26: =SUM(Budget!G261:G273) -> 0 | D26: =IF($C$45=0,0,C26/$C$45) -> 0
A27: 3700 - Locations & BTL Travel/Living | B27: 16 | C27: =SUM(Budget!G275:G290) -> 0 | D27: =IF($C$45=0,0,C27/$C$45) -> 0
A28: 3800 - Digital Media & Stock | B28: 3 | C28: =SUM(Budget!G292:G294) -> 0 | D28: =IF($C$45=0,0,C28/$C$45) -> 0
A29: 3900 - Additional Hours | B29: 1 | C29: =SUM(Budget!G296:G296) -> 0 | D29: =IF($C$45=0,0,C29/$C$45) -> 0
A30: 4000 - 2nd Unit | B30: 16 | C30: =SUM(Budget!G298:G313) -> 0 | D30: =IF($C$45=0,0,C30/$C$45) -> 0
A31: 4100 - Special Units | B31: 1 | C31: =SUM(Budget!G315:G315) -> 0 | D31: =IF($C$45=0,0,C31/$C$45) -> 0
A32: 5500 - Editing | B32: 12 | C32: =SUM(Budget!G317:G328) -> 0 | D32: =IF($C$45=0,0,C32/$C$45) -> 0
A33: 5600 - Music | B33: 6 | C33: =SUM(Budget!G330:G335) -> 0 | D33: =IF($C$45=0,0,C33/$C$45) -> 0
A34: 5700 - Post Production Sound | B34: 8 | C34: =SUM(Budget!G337:G344) -> 0 | D34: =IF($C$45=0,0,C34/$C$45) -> 0
A35: 5800 - Post Film & Lab | B35: 4 | C35: =SUM(Budget!G346:G349) -> 0 | D35: =IF($C$45=0,0,C35/$C$45) -> 0
A36: 6100 - Visual Effects | B36: 1 | C36: =SUM(Budget!G351:G351) -> 0 | D36: =IF($C$45=0,0,C36/$C$45) -> 0
A37: 6200 - Delivery | B37: 5 | C37: =SUM(Budget!G353:G357) -> 0 | D37: =IF($C$45=0,0,C37/$C$45) -> 0
A38: 6500 - Other | B38: 1 | C38: =SUM(Budget!G359:G359) -> 0 | D38: =IF($C$45=0,0,C38/$C$45) -> 0
A39: 6600 - Publicity | B39: 5 | C39: =SUM(Budget!G361:G365) -> 0 | D39: =IF($C$45=0,0,C39/$C$45) -> 0
A40: 6700 - Insurance | B40: 4 | C40: =SUM(Budget!G367:G370) -> 0 | D40: =IF($C$45=0,0,C40/$C$45) -> 0
A41: 6800 - General Expenses | B41: 10 | C41: =SUM(Budget!G372:G381) -> 0 | D41: =IF($C$45=0,0,C41/$C$45) -> 0
A42: 6900 - Completion Bond | B42: 1 | C42: =SUM(Budget!G383:G383) -> 0 | D42: =IF($C$45=0,0,C42/$C$45) -> 0
A43: 9500 - Titles | B43: 1 | C43: =SUM(Budget!G385:G385) -> 0 | D43: =IF($C$45=0,0,C43/$C$45) -> 0
A45: TOTAL | B45: 335 | C45: =SUM(C5:C43) -> 0 | D45: =IF($C$45=0,0,1) -> 0
